 Seeded DCSS version 0.29-a0-472-ge5599a681e (webtiles) character file.

Game seed: 6774861435536819975 (custom seed)

55 bwicke the Digger (level 3, -4/21 HPs)
             Began as an Octopode Earth Elementalist on May 22, 2022.
             Killed from afar by Sigmund (8 damage)
             ... with a magic dart
             ... on level 2 of the Dungeon.
             The game lasted 00:04:18 (1822 turns).

bwicke the Digger (Octopode Earth Elementalist)     Turns: 1822, Time: 00:04:19

Health: -4/21      AC:  1    Str:  7    XL:     3   Next: 93%
Magic:  2/6        EV: 13    Int: 19    God:
Gold:   72         SH:  0    Dex: 12    Spells: 5/6 levels left

rFire   + . .      SeeInvis .   l - +2 short sword (venom)
rCold   . . .      Faith    .   (no shield)
rNeg    . . .      Spirit   .   (helmet restricted)
rPois   .          Reflect  .   (no amulet)
rElec   .          Harm     .   k - ring of protection from fire
rCorr   .          Rampage  .   (no ring)
Will    .....                   (no ring)
Stlth   +++.......              (no ring)
HPRegen 0.07/turn               (no ring)
MPRegen 0.10/turn               (no ring)
                                (no ring)
                                (no ring)

@: no status effects
A: almost no armour, amphibious, 8 rings, camouflage 1, gelatinous body 1,
(nimble swimmer 1), tentacles
a: no special abilities


You were on level 2 of the Dungeon.
You visited 1 branch of the dungeon, and saw 2 of its levels.

You collected 72 gold pieces.

Inventory:

Hand Weapons
 c - a +0 short sword
 e - a +0 dagger
 l - a +2 short sword of venom (weapon)
Missiles
 a - 41 stones
 d - 4 poisoned darts
Jewellery
 k - a ring of protection from fire (left tentacle)
Scrolls
 h - a scroll of teleportation
Potions
 b - a potion of magic
 g - a potion of heal wounds {unknown}
 i - a potion of haste {unknown}


   Skills:
 - Level 2.0 Dodging
 - Level 2.6 Stealth
 - Level 2.0 Spellcasting
 - Level 1.0 Transmutations
 + Level 4.7 Earth Magic


You had 5 spell levels left.
You knew the following spells:

 Your Spells              Type           Power      Damage    Failure   Level
a - Sandblast             Erth           38%        2d10      2%          1

Your spell library contained the following spells:

 Spells                   Type           Power      Damage    Failure   Level
 Passwall                 Tmut/Erth      10%        N/A       8%          2
 Stone Arrow              Conj/Erth      20%        3d8       19%         3
 Petrify                  Tmut/Erth      12%        N/A       45%         4


Dungeon Overview and Level Annotations

Branches:
Dungeon (2/15)

Altars:

Annotations:
D:2 Natasha, Sigmund


Innate Abilities, Weirdness & Mutations

You cannot wear most types of armour.
You are amphibious.
You can wear up to eight rings at the same time.
Your skin changes colour to match your surroundings (Stealth+).
Your rubbery body absorbs attacks. (AC +1, EV +1)
((You are camouflaged when in or above water. (Stealth+)))
You have tentacles for arms and can constrict up to eight enemies at once.


Message History

Throw: 2 throwing nets
Press: ? - help, Shift-Dir - straight line, f/p - Sigmund
Aim: Sigmund, wielding a +0 scythe, wearing a +0 robe and carrying a wand of digging (1) (lightly wounded, very poisoned, 52% to hit)
You throw a throwing net. The throwing net barely misses Sigmund.
Throw: throwing net
Press: ? - help, Shift-Dir - straight line, f/p - Sigmund
Aim: Sigmund, wielding a +0 scythe, wearing a +0 robe and carrying a wand of digging (1) (lightly wounded, very poisoned, 52% to hit)
You throw a throwing net.
The throwing net closely misses Sigmund.
Aiming: Sandblast (safe; 2% risk of failure)
Press: ? - help, Q - select action, (/) - cycle Shift-Dir - straight line, f/p - Sigmund
Aim: Sigmund, wielding a +0 scythe, wearing a +0 robe and carrying a wand of digging (1) (lightly wounded, very poisoned, 77% to hit)
The blast of sand hits Sigmund!
Sigmund is moderately wounded.
Aiming: Sandblast (safe; 2% risk of failure)
Press: ? - help, Q - select action, (/) - cycle Shift-Dir - straight line, f/p - Sigmund
Aim: Sigmund, wielding a +0 scythe, wearing a +0 robe and carrying a wand of digging (1) (heavily wounded, very poisoned, 77% to hit)
The blast of sand hits Sigmund.
Sigmund is heavily wounded.
Sigmund hits you from afar with a +0 scythe!
Ouch! That really hurt!
* * * LOW HITPOINT WARNING * * *
As you read the scroll labelled NACACZ ZETAFF, it crumbles to dust.
It is a scroll of identify.
h - a scroll of teleportation Sigmund misses you.
Sigmund says, "Now you see me, now you don't..."
Aiming: Sandblast (safe; 2% risk of failure)
Press: ? - help, Q - select action, (/) - cycle Shift-Dir - straight line, f/p - Sigmund
Aim: Sigmund, wielding a +0 scythe, wearing a +0 robe and carrying a wand of digging (1) (severely wounded, poisoned, 77% to hit)
The blast of sand hits Sigmund.
Sigmund is almost dead.
Aiming: Sandblast (safe; 2% risk of failure)
Press: ? - help, Q - select action, (/) - cycle Shift-Dir - straight line, f/p - Sigmund
Aim: Sigmund, wielding a +0 scythe, wearing a +0 robe and carrying a wand of digging (1) (almost dead, poisoned, 77% to hit)
The blast of sand hits Sigmund but does no damage.
Sigmund is almost dead.
Sigmund casts a spell at you. The magic dart hits you!
You die...

####.##### ##.## ##.## #.# #.#
#.# ##.# #.# #.# #... ##'##
###.### #... ##...## #.....#
##...#### ##.....## ##.....#
.......# ##....†..## #......#
.)...(.###.........###......#
.....((..'..@.@....'........#
#?....####.........###....####
#....# ##.......## #.......#
#...# ##.....## #..####.# #.#
##...## #.......# #.# ##'##
##.###..# #.# #.# #.# #..# #.#
###.#### #.###..# #.#
#......### #......#


You could see Sigmund (poisoned).

Vanquished Creatures
  Natasha (D:2)
  6 bats
  3 endoplasms (D:1)
  3 giant cockroaches (D:1)
  2 quokkas (D:1)
  5 ball pythons
  A frilled lizard (D:1)
  3 goblins (D:1)
  4 kobolds
  3 rats
31 creatures vanquished.

Notes
Turn   | Place    | Note
-------+----------+-------------------------------------------
     0 | D:1      | bwicke the Octopode Earth Elementalist began the quest for
                  | the Orb.
     0 | D:1      | Reached XP level 1. HP: 11/11 MP: 3/3
   123 | D:1      | Found a faded altar of an unknown god.
   355 | D:1      | Reached XP level 2. HP: 17/17 MP: 5/5
   761 | D:1      | Reached skill level 4 in Earth Magic
   908 | D:1      | Reached XP level 3. HP: 21/21 MP: 6/6
  1265 | D:2      | Noticed Natasha
  1275 | D:2      | Killed Natasha
  1634 | D:2      | Noticed Natasha
  1646 | D:2      | Noticed Sigmund
  1822 | D:2      | Killed from afar by Sigmund

Illustrated notes

Levels and vault maps discovered:
D:1:      nzn_arrival_water_spiral, layout_basic, basic_ecumenical_altar
D:2:      layout_loops_corners, uniq_natasha, uniq_sigmund

Skill      XL: |  1  2 |
---------------+-------+-----
Earth Magic    | 4 |  4.7
Dodging        | |  2.0
Stealth        | |  2.6
Spellcasting   | |  2.0
Transmutations | |  1.0

Action                   || total
-------------------------++-------
Melee: Short sword       ||    34
       Unarmed           ||     5
       Constrict         ||     8
       Tentacles         ||     5
Throw: Dart              ||     2
       Throwing net      ||     2
 Cast: Sandblast         ||    17
  Use: Scroll            ||     1
 Stab: Sleeping          ||    14
Armor: Skin              ||     5
Dodge: Dodged            ||    28

Table legend: (Time is in decaauts)
 A = Elapsed time spent in this place.
 B = Non-inter-level travel time spent in this place.
 C = Inter-level travel time spent in this place.
 D = Time resting spent in this place.
 E = Time spent auto-exploring this place.
 F = Levels seen in this place.
 G = Mean time per level.
                   A        B        C        D        E       F      G
               +--------+--------+--------+--------+--------+-----+--------+
         Total |   1828 |   1770 |     58 |    184 |   1209 |   2 |  914.0 |
       Dungeon |   1828 |   1770 |     58 |    184 |   1209 |   2 |  914.0 |
               +--------+--------+--------+--------+--------+-----+--------+

Top non-repeatable levels by time:
     D:1: 1261 daAuts
     D:2: 567 daAuts
